 Dungeon Crawl Stone Soup version 0.19-a0-1790-g026f1ef (webtiles) character file.

63 MackTheKnife the Poker (level 4, 0/33 HPs)
             Began as a Merfolk Skald on Oct 4, 2016.
             Slain by a worm (13 damage)
             ... on level 2 of the Dungeon.
             The game lasted 00:02:20 (2286 turns).

MackTheKnife the Poker (Merfolk Skald)              Turns: 2286, Time: 00:02:20

Health: 0/33       AC:  3    Str: 12    XL:     4   Next: 9%
Magic:  7/7        EV: 11    Int: 11    God:
Gold:   109        SH:  0    Dex: 14    Spells: 1 memorised, 6 levels left

rFire  . . .     SeeInvis .     a - +0 spear
rCold  . . .     Gourm    .     b - +0 leather armour
rNeg   . . .     Faith    .     (no shield)
rPois  .         Spirit   .     (no helmet)
rElec  .         Dismiss  .     (no cloak)
rCorr  .         Reflect  .     (no gloves)
MR     .....     Harm     +     (no boots)
Stlth  +.........               e - amulet of harm
                                (no ring)
                                (no ring)

@: no status effects
A: change form in water, swift swim, stealthy swim
a: no special abilities


You were on level 2 of the Dungeon.
You were hungry.

You visited 1 branch of the dungeon, and saw 2 of its levels.

You collected 109 gold pieces.

Inventory:

Hand Weapons
 a - a +0 spear (weapon)
Armour
 b - a +0 leather armour (worn)
Jewellery
 e - an amulet of harm (around neck)
   (You found it on level 2 of the Dungeon)
Scrolls
 f - a scroll of identify
 i - a scroll of enchant weapon
 k - a scroll of recharging
Potions
 h - 2 potions of lignification {!q}
Books
 c - a book of Battle
Comestibles
 g - 2 meat rations {@e2}


   Skills:
 - Level 2.1 Fighting
 + Level 6.2 Polearms
 - Level 0.6 Armour
 - Level 1.3 Dodging
 - Level 2.0 Spellcasting
 - Level 3.2 Charms


You had 6 spell levels left.
You knew the following spells:

 Your Spells              Type           Power        Failure   Level  Hunger
a - Infusion              Chrm           #...         12%         1    ##.....


Dungeon Overview and Level Annotations

Branches:
Dungeon (2/15)

Altars:


Message History

The hobgoblin shouts!
Attack whom?
Aim: a hobgoblin, wielding a club You reach to attack!
You closely miss the hobgoblin. You hit the hobgoblin. You hit the hobgoblin.
You kill the hobgoblin!
No target in view!
You start resting.
Health restored: 33 You now have 109 gold pieces (gained 7).
Things that are here:
a club; a hobgoblin corpse
Found a stone staircase leading down.
Found a stone staircase leading up.
There is a stone staircase leading up here.
f - a scroll of identify A bat comes into view.
There is an open door here.
The bat hits you.
You take 1 damage, and have 32/33 hp.
You hit the bat.
You kill the bat!
Health restored: 33 No target in view!
No target in view!
There is an open door here.
You open the door.
There is an open door here.
A rat comes into view.
A rat is nearby!
A rat is nearby!
A rat is nearby!
The helpless rat fails to defend itself.
You hit the rat. You hit the rat.
You kill the rat!
There is an open door here.
You see here a dagger.
You open the door.
There is an open door here.
You open the door.
There is an open door here.
There is a stone staircase leading up here.
A goblin comes into view.
The goblin shouts!
As you read the scroll labeled YKKAIK KYSMIS, it crumbles to dust.
It is a scroll of recharging.
You aren't carrying any rechargeable items.
The goblin wields a hunting sling.
The goblin shoots a stone.
The stone hits you.
You take 4 damage, and have 29/33 hp.
Attack whom?
Aim: a goblin, wielding a hunting sling You reach to attack!
You hit the goblin.
The goblin shoots a stone.
The stone closely misses you.
Attack whom?
Aim: a goblin, wielding a hunting sling (heavily wounded)
You reach to attack!
You hit the goblin.
You kill the goblin!
No target in view!
No target in view!
No target in view!
As you read the scroll labeled AVVOL TEHU, it crumbles to dust.
Your +0 spear glows bright magenta for a moment.
It was a scroll of random uselessness.
As you read the scroll of random uselessness, it crumbles to dust.
You smell mustard.
Drop what? 10/52 slots (_ for help) (? for menu, Esc to quit)
Okay, then.
Unknown command.
Unknown command.
As you read the scroll labeled NOIGOSI CAIWEUFA, it crumbles to dust.
You feel blessed for a moment.
It was a scroll of remove curse.
You are feeling hungry.
Things that are here:
a hunting sling; 16 stones A worm comes into view.
A worm is nearby!
A worm is nearby!
Attack whom?
Aim: a worm You reach to attack!
You hit the worm.
Attack whom?
Aim: a worm (lightly wounded)
You reach to attack!
You hit the worm.
Attack whom?
Aim: a worm (moderately wounded)
You reach to attack!
You hit the worm. You barely miss the worm. You barely miss the worm.
The worm bites you!
You take 9 damage, and have 23/33 hp.
MASSIVE DAMAGE!!
You hit the worm but do no damage. You hit the worm. The worm bites you!
You take 10 damage, and have 13/33 hp.
MASSIVE DAMAGE!!
You hit the worm. You completely miss the worm. The worm bites you!
You die...

....# ....# ...(###### .....)...#
# #........# ..###### #........#
# ........
..#################.##.# ........
......................%..........
................@w...# #...#####.
##############.......#.#... #.
..<...##.............#.#... #.
........................... ###.
#####.##.###########.......###...
#####.##.###### ##......##.##
................ +...........
.####.########## #.......#### .#
#.##....# ###.###.....


You could see a worm.

Vanquished Creatures
  2 adders (D:2)
  2 worms
  A leopard gecko (D:1)
  7 goblins
  10 hobgoblins
  4 kobolds
  5 bats
  4 frilled lizards
  2 rats
  A bush (D:1)
38 creatures vanquished.

Notes
Turn   | Place    | Note
-------+----------+-------------------------------------------
     0 | D:1      | MackTheKnife the Merfolk Skald began the quest for the Orb.
     0 | D:1      | Reached XP level 1. HP: 16/16 MP: 3/3
   258 | D:1      | Reached skill level 4 in Polearms
   258 | D:1      | Reached XP level 2. HP: 22/22 MP: 5/5
   621 | D:1      | Reached skill level 5 in Polearms
   621 | D:1      | Reached XP level 3. HP: 18/27 MP: 6/6
  1538 | D:2      | HP: 6/27 [poisoned by an adder]
  1545 | D:2      | HP: 2/27 [poisoned by an adder]
  1832 | D:2      | Reached skill level 6 in Polearms
  1879 | D:2      | Reached XP level 4. HP: 11/33 MP: 7/7
  2286 | D:2      | Slain by a worm

Vault maps used:
D:1:      erik_arrival_cave_to_civilisation, serial_forest,
          infiniplex_forest_lined_corner, infiniplex_forest_clump_small,
          infiniplex_forest_straight_3, infiniplex_forest_clump_C,
          infiniplex_forest_end_2, infiniplex_forest_clump_small,
          infiniplex_forest_clump_curved, fountainhead, minmay_tetromino_s2
D:2:      nrook_mini_vaults

Skill      XL: |  1  2  3 |
---------------+----------+-----
Polearms       | 4 5 6 |  6.2
Fighting       | |  2.1
Armour         | |  0.6
Dodging        | |  1.3
Spellcasting   | |  2.0
Charms         | |  3.2

Action                   |  1- 3 |  4- 6 || total
-------------------------+-------+-------++-------
Melee: Spear             |   375 |    17 ||   392
 Cast: Infusion          |     2 |       ||     2
  Use: Scroll            |     4 |     4 ||     8
       Potion            |     1 |       ||     1
 Stab: Sleeping          |     1 |     1 ||     2
  Eat: Bread ration      |     1 |       ||     1
Armor: Leather armour    |    15 |       ||    15
Dodge: Dodged            |    42 |     1 ||    43

Vault maps used:
D:1:      erik_arrival_cave_to_civilisation, serial_forest,
          infiniplex_forest_lined_corner, infiniplex_forest_clump_small,
          infiniplex_forest_straight_3, infiniplex_forest_clump_C,
          infiniplex_forest_end_2, infiniplex_forest_clump_small,
          infiniplex_forest_clump_curved, fountainhead, minmay_tetromino_s2
D:2:      nrook_mini_vaults

Table legend:
 A = Turns spent in this place as a percentage of turns spent in the entire game.
 B = Non-inter-level travel turns spent in this place as a percentage of non-inter-level travel turns spent in the entire game.
 C = Inter-level travel turns spent in this place as a percentage of turns spent in this place.
 D = Turns resting spent in this place as a percentage of non-inter-level travel turns spent in this place.
 E = Turns spent auto-exploring this place as a percentage of non-inter-level travel turns spent in this place.
 F = Non-inter-level travel turns spent in this place divided by the number of levels of this place that you've seen.
                   A       B       C       D       E      F
               +-------+-------+-------+-------+-------+----------------------
         Total | 100.0 | 100.0 |   0.1 |   1.7 |   8.4 | 352.0
       Dungeon | 100.0 | 100.0 |   0.1 |   1.7 |   8.4 | 352.0
               +-------+-------+-------+-------+-------+----------------------

Table legend:
 A = Kills in this place as a percentage of kills in entire the game.
 B = Kills by you in this place as a percentage of kills by you in the entire game.
 C = Kills by friends in this place as a percentage of kills by friends in the entire game.
 D = Other kills in this place as a percentage of other kills in the entire game.
 E = Experience gained in this place as a percentage of experience gained in the entire game.
 F = Experience gained in this place divided by the number of levels of this place that you have seen.
                   A       B       C       D       E      F
               +-------+-------+-------+-------+-------+----------------------
         Total | 100.0 | 100.0 |  -nan |  -nan | 100.0 |  45.0
       Dungeon | 100.0 | 100.0 |  -nan |  -nan | 100.0 |  45.0
               +-------+-------+-------+-------+-------+----------------------
